 Dungeon Crawl Stone Soup version 0.18-a0-775-g4d9e04e (webtiles) character file.

112 Proton the Skirmisher (level 4, -10/42 HPs)
             Began as a Naga Fighter on Dec 13, 2015.
             Mangled by a gnoll
             ... wielding a +0 flail
              (15 damage)
             ... on level 2 of the Dungeon.
             The game lasted 00:04:02 (1688 turns).

Proton the Skirmisher (Naga Fighter)                Turns: 1688, Time: 00:04:02

Health: -10/42     AC:  5    Str: 19    XL:     4   Next: 93%
Magic:  4/4        EV:  6    Int:  9    God:
Gold:   50         SH:  9    Dex: 10    Spells: 0 memorised, 3 levels left

rFire  . . .     SeeInvis +     a - +0 flail
rCold  . . .     Clarity  .     b - +0 scale mail
rNeg   . . .     SustAt   .     c - +0 shield
rPois  +         Gourm    .     (no helmet)
rElec  .         Spirit   .     (no cloak)
rCorr  .         Dismiss  .     (no gloves)
rMut   .         Stasis   .     (no barding)
MR     .....                    (no amulet)
Stlth  ..........               (no ring)
                                (no ring)

@: short of breath, very slow, not resistant to hostile enchantments, extremely
unstealthy
A: see invisible, deformed body, poison resistance, slowness 2, slow metabolism
1, spit poison 2, AC +1
a: Spit Poison


You were on level 2 of the Dungeon.
You were not hungry.

You visited 1 branch of the dungeon, and saw 2 of its levels.

You collected 50 gold pieces.

Inventory:

Hand Weapons
 a - a +0 flail (weapon)
Armour
 b - a +0 scale mail (worn)
 c - a +0 shield (worn)
Jewellery
 l - an uncursed ring of invisibility {unknown}
 m - a +4 ring of protection {unknown}
Scrolls
 e - a scroll of recharging {unknown}
 h - a scroll of amnesia {unknown}
 i - a scroll of identify {unknown}
Potions
 d - a potion of might
 j - a potion of brilliance {unknown}
 k - a potion of invisibility {unknown}
Comestibles
 g - 2 meat rations


   Skills:
 + Level 3.4 Fighting
 + Level 3.0 Maces & Flails
 + Level 2.8 Armour
 + Level 1.2 Dodging
 + Level 3.1 Shields


You had 3 spell levels left.
You didn't know any spells.

Dungeon Overview and Level Annotations

Branches:
Dungeon (2/15)

Altars:


Innate Abilities, Weirdness & Mutations

You cannot wear boots.
Your serpentine skin is tough (AC +1).
You have supernaturally acute eyesight.
Armour fits poorly on your strangely shaped body.
Your system is resistant to poisons.
You cover ground very slowly.
You have a slow metabolism.
You can spit poison.


Message History

Aim: a gnoll, wielding a flail The splash of poison misses the gnoll.
The splash of poison hits the gnoll.
The gnoll is poisoned.
The gnoll is severely wounded.
You feel slightly more hungry. The gnoll hits you with a halberd!
* * * LOW HITPOINT WARNING * * *
You hit the gnoll.
The gnoll is almost dead.
The gnoll hits you with a halberd.
* * * LOW HITPOINT WARNING * * *
You sock the gnoll!
You kill the gnoll! x2
Your Maces & Flails skill increases to level 3!
You have got your breath back.
Press: ? - help, Shift-Dir - straight line, f/p - gnoll
Aim: a gnoll, wielding a flail The splash of poison hits the gnoll.
The gnoll is almost dead.
You feel slightly more hungry. The gnoll hits you with a flail!
You die...

......# .......†.#.#
#.##..##.#. ......#
#####....#.#
#.###.##.#.
......##### #....#.#
#.# #.##.#.
..........# #....#.#
#.# #.##.#.
#########.#
#....#.####.#
#.##.#. ......# #.#
#....#.##...#
#.##.#. #####.###.#
#....#.##...#
#.##.#† .......##.#
##.#.#.##...#
#.##.#. .......##.#
#.#@#.####.# #..#.#.
...[...##.#
#.#g#.####.####.#.#.
......>##.#
#.#)#...............
.......##.#
#.#†######.####.#.#.
...)....#.# #.#.#
#.# #...#.
........#.# #.#(#
#.#####..#.
........#.# #.#.#
#........#.
#########.# #.#.#
########.#.
#.####.#.# #.#.


You could see a gnoll.

Vanquished Creatures
  3 gnolls (D:2)
  An ooze (D:1)
  3 worms (D:2)
  3 giant geckos
  An orc (D:2)
  9 bats
  4 giant cockroaches
  4 hobgoblins
  6 jackals
  5 kobolds
  2 quokkas (D:2)
  3 giant newts (D:1)
  4 goblins
  25 rats
73 creatures vanquished.

Notes
Turn   | Place    | Note
--------------------------------------------------------------
     0 | D:1      | Proton the Naga Fighter began the quest for the Orb.
     0 | D:1      | Reached XP level 1. HP: 21/21 MP: 1/1
   208 | D:1      | Reached XP level 2. HP: 20/28 MP: 2/2
   573 | D:1      | Reached XP level 3. HP: 34/34 MP: 3/3
  1288 | D:2      | Reached XP level 4. HP: 42/42 MP: 4/4
  1377 | D:2      | Reached skill level 1 in Dodging
  1688 | D:2      | Mangled by a gnoll

Vault maps used:
D:1:      sevenhm_arrival_forest_fort_small_5, roderic_roman_lattice,
          minmay_misc_feat_chi
D:2:      minmay_rat_hole

Action                   |  1- 3 |  4- 6 || total
-------------------------+-------+-------++-------
Melee: Flail             |   149 |   102 ||   251
 Abil: Spit Poison       |     4 |     7 ||    11
  Eat: Bread ration      |       |     1 ||     1
